 Dungeon Crawl Stone Soup version 0.29.1-12-g30fa7ad0bf (webtiles) character file.

Game seed: 5845759622129852684

24 GeoRichter the Conjurer (level 2, -1/15 HPs)
             Began as a Deep Elf Conjurer on Jan 12, 2023.
             Slain by an adder (4 damage)
             ... on level 1 of the Dungeon.
             The game lasted 00:01:43 (792 turns).

GeoRichter the Conjurer (Deep Elf Conjurer)          Turns: 792, Time: 00:01:44

Health: -1/15      AC:  3    Str:  4    XL:     2   Next: 79%
Magic:  5/8        EV: 12    Int: 22    God:
Gold:   70         SH:  0    Dex: 13    Spells: 4/7 levels left

rFire   . . .      SeeInvis .   e - +0 dagger
rCold   . . .      Faith    .   (no shield)
rNeg    . . .      Spirit   .   a - +0 robe
rPois   .          Reflect  .   (no helmet)
rElec   .          Harm     .   (no cloak)
rCorr   .          Rampage  .   (no gloves)
Will    .....                   h - +0 pair of boots
Stlth   ++........              (no amulet)
HPRegen 0.05/turn               (no ring)
MPRegen 0.11/turn               (no ring)

@: lethally poisoned (-1 -> -2)
A: no striking features
a: no special abilities


You were on level 1 of the Dungeon.
You visited 1 branch of the dungeon, and saw 2 of its levels.

You collected 70 gold pieces.

Inventory:

Hand Weapons
 e - a +0 dagger (weapon)
   (You took it off a goblin on level 1 of the Dungeon)
Missiles
 d - 4 poisoned darts
Armour
 a - a +0 robe (worn)
 h - a +0 pair of boots (worn)
   (You found it on level 1 of the Dungeon)
Scrolls
 c - 2 scrolls of identify {unknown}
 f - a scroll of amnesia {unknown}
 g - a scroll of butterflies {unknown}
 i - a scroll of enchant armour {unknown}
 j - a scroll of magic mapping {unknown}
 k - a scroll of immolation {unknown}
 l - a scroll of silence {unknown}
Potions
 b - a potion of magic


   Skills:
 - Level 2.4 Dodging
 - Level 4.0 Stealth
 + Level 3.1 Spellcasting
 * Level 4.6 Conjurations


You had 4 spell levels left.
You knew the following spells:

 Your Spells              Type           Power      Damage    Failure   Level
a - Magic Dart            Conj           92%        1d7       1%          1
b - Searing Ray           Conj           46%        2d6       2%          2

Your spell library contained the following spells:

 Spells                   Type           Power      Damage    Failure   Level
 Dazzling Flash           Conj/Hex       26%        N/A       14%         3
 Fulminant Prism          Conj/Hex       6%         3d7       43%         4
 Iskenderun's Mystic Bla  Conj/Tloc      13%        2d5       43%         4


Dungeon Overview and Level Annotations

Branches:
Dungeon (2/15) Zot: 11207

Altars:

Annotations:
D:2 Sigmund


Message History

Things that are here:
a +0 dagger; a goblin skeleton Done exploring.
Done exploring.
Done exploring.
There is a stone staircase leading down here.
You climb downwards.
Found a faded altar of an unknown god.
Found an escape hatch in the ceiling.
Found a stone staircase leading up.
There is a stone staircase leading up here.
The magic dart hits the dart slug but does no damage.
The magic dart hits the dart slug.
The dart slug briefly extends its eye-stalks.
The magic dart hits the dart slug.
The magic dart hits the dart slug.
You kill the dart slug!
You can't see any susceptible monsters within range! (Use Z to cast anyway.)
You can't see any susceptible monsters within range! (Use Z to cast anyway.)
Found 6 stones.
Found a stone staircase leading down.
An adder comes into view.
The adder hisses angrily.
You hear a shout!
The magic dart hits the adder.
Sigmund the Dreaded comes into view.
He is wielding a +0 scythe.
Sigmund mumbles some strange words.
Sigmund flickers and vanishes!
Deactivating autopickup; reactivate with Ctrl-A.
The adder attacks as you move away! The adder barely misses you. x2
The adder attacks as you move away! The adder bites you but does no damage.
The adder bites you. The adder attacks as you move away! The adder bites you.
Found 10 gold pieces.
The adder barely misses you. The adder attacks as you move away!
The adder completely misses you. The adder bites you.
The adder attacks as you move away! The adder bites you.
You are poisoned.
The adder poisons you!
You feel sick.
There is a stone staircase leading up here.
You feel sick. The adder bites you but does no damage.
You climb upwards.
Reactivating autopickup.
* * * LOW HITPOINT WARNING * * *
You feel sick.
There is a stone staircase leading down here.
Aim: an adder (lightly wounded, 63% to hit)
The searing ray misses the adder. (Press . to maintain the ray.)
You feel sick. The adder bites you but does no damage.
The searing ray misses the adder.
You feel sick. The adder bites you.
You die...

#.#
#.#####.#.#.#.#.####..#.>
#.# #.#(..#.........#
##.... #.#
#...#.###.#.#.### #....
#.# ##..##...#.....#
#..).
#.###...##...#.###.#
#.#..
####.....#..####.###.##
#.#.. ........###..#
#.###.# #...# ........#
##.# #.##.^# #..##
........# #.###@#..##
#..# ........#
#..##S..### #.##
######### ##........# #.#
#........# #.# ##.......#
### #.......# #.......#
#.......# #.......#


You could see an adder.

Vanquished Creatures
  A dart slug (D:2)
  2 bats (D:1)
  2 giant cockroaches (D:1)
  5 goblins (D:1)
  A hobgoblin (D:1)
  2 ball pythons (D:1)
  A frilled lizard (D:1)
  3 kobolds (D:1)
  7 rats (D:1)
24 creatures vanquished.

Notes
Turn   | Place    | Note
-------+----------+-------------------------------------------
     0 | D:1      | GeoRichter the Deep Elf Conjurer began the quest for the
                  | Orb.
     0 | D:1      | Reached XP level 1. HP: 10/10 MP: 6/6
   149 | D:1      | Reached XP level 2. HP: 15/15 MP: 6/8
   259 | D:1      | Learned a level 2 spell: Searing Ray
   715 | D:2      | Found a faded altar of an unknown god.
   771 | D:2      | Noticed Sigmund
   792 | D:1      | Slain by an adder

Illustrated notes

Levels and vault maps discovered:
D:1:      roderic_chinese_lattice_arrival, layout_rooms, minmay_rat_gold_closets
D:2:      layout_basic, nicolae_ecumenical_pavilion, minivault_26, uniq_sigmund

Skill      XL: |  1  2 |
---------------+-------+-----
Stealth        | 3 4 |  4.0
Dodging        | |  2.4
Spellcasting   | |  3.1
Conjurations   | |  4.6

Action                   || total
-------------------------++-------
Melee: Dagger            ||     3
 Cast: Magic Dart        ||    37
       Searing Ray       ||     1
 Stab: Sleeping          ||     1
Armor: Robe              ||     6
Dodge: Dodged            ||     6
